 Dungeon Crawl Stone Soup version 0.31-a0-232-gb1c03b2570 (webtiles) character file.

Game seed: 4473640506656354805

37 qw the Shooter (level 3, 0/29 HPs)
             Began as a Minotaur Hexslinger on July 6, 2023.
             Slain by a howler monkey (5 damage)
             ... on level 4 of the Dungeon.
             The game lasted 00:00:27 (1213 turns).

qw the Shooter (Minotaur Hexslinger)                Turns: 1213, Time: 00:00:28

Health: 0/29       AC:  5    Str: 12    XL:     3   Next: 23%
Magic:  3/3        EV: 11    Int: 10    God:
Gold:   111        SH:  0    Dex: 14    Spells: 3/4 levels left

rFire   . . .        Y - +1 sling
rCold   . . .        (no shield)
rNeg    + . .        d - +0 ring mail
rPois   .            (helmet restricted)
rElec   .            (no cloak)
rCorr   .            (no gloves)
SInv    .            (no boots)
Will    .....        (no amulet)
Stlth   +            j - ring of positive energy
HPRegen 0.24/turn    (no ring)
MPRegen 0.08/turn

%: no passive effects
@: no status effects
A: horns 2, retaliatory headbutt
a: no special abilities


You were on level 4 of the Dungeon.
You visited 1 branch of the dungeon, and saw 3 of its levels.

You collected 111 gold pieces.


Innate Abilities, Weirdness & Mutations

You have a pair of horns on your head.
You reflexively headbutt those who attack you in melee.


   Skills:
 - Level 2.0 Fighting
 + Level 3.8 Ranged Weapons
 - Level 2.1 Dodging
 - Level 1.0 Spellcasting
 - Level 2.0 Hexes


You had 3 spell levels left.
You knew the following spells:

 Your Spells              Type           Power      Damage    Failure   Level
a - Slow                  Hex            16%        N/A       34%         1

Your spell library contained the following spells:

 Spells                   Type           Power      Damage    Failure   Level
 Inner Flame              Hex/Fire       2%         N/A       83%         3
 Portal Projectile        Hex/Tloc       4%         N/A       83%         3
 Cause Fear               Hex            2%         N/A       98%         4

Inventory:

Hand Weapons
 Y - a +1 sling (weapon)
Armour
 d - a +0 ring mail (worn)
Jewellery
 g - a ring of ice
 j - a ring of positive energy (left hand)
Scrolls
 a - a scroll of enchant weapon {unknown}
 b - a scroll of fear {unknown}
 c - a scroll of revelation {unknown}
 i - 3 scrolls of identify
Potions
 e - a potion of enlightenment {unknown}
 f - a potion of mutation {unknown}
 h - a potion of haste {unknown}

Dungeon Overview and Level Annotations

Branches:
Dungeon (4/15)
 Temple: D:4-7

Altars:


Message History

You shoot a sling bullet. The sling bullet hits the hobgoblin!
You kill the hobgoblin!
The howler monkey hits you but does no damage.
You shoot a sling bullet.
The sling bullet closely misses the howler monkey.
The howler monkey closely misses you.
You shoot a sling bullet.
The sling bullet closely misses the howler monkey.
The howler monkey hits you. x2
You shoot a sling bullet.
The sling bullet hits the howler monkey.
The howler monkey is moderately wounded.
The howler monkey hits you but does no damage.
The howler monkey closely misses you.
You shoot a sling bullet.
The sling bullet hits the howler monkey.
The howler monkey is moderately wounded.
The howler monkey hits you.
You shoot a sling bullet.
The sling bullet closely misses the howler monkey.
The howler monkey hits you but does no damage.
The howler monkey hoots and howls with incredible vigour!
You hear an angry hiss.
You hear a shout!
You hear an angry hiss.
You hear a shout!
You shoot a sling bullet.
The sling bullet barely misses the howler monkey.
The howler monkey hoots and howls with incredible vigour!
The howler monkey hits you.
You shoot a sling bullet.
The sling bullet barely misses the howler monkey.
The howler monkey hits you.
You shoot a sling bullet.
The sling bullet hits the howler monkey.
The howler monkey is heavily wounded.
The howler monkey closely misses you. You furiously retaliate!
You headbutt the howler monkey! The howler monkey hits you.
You shoot a sling bullet.
The sling bullet barely misses the howler monkey.
The howler monkey hits you. x2
You die...

.. ...
...##########
#...........#
#..#...........#
#..#...........#
#..#.....h.....####
#..#######@........
#........'.........
#........#>........
#........#.........
#........#.........
#..##....#.........
#..#######....#####
#........#....#
#.(......#....#


You could see a howler monkey.

Vanquished Creatures
  An adder (D:2)
  3 bats
  4 endoplasms
  A giant cockroach (D:1)
  2 goblins (D:1)
  5 hobgoblins
  2 quokkas (D:1)
  3 ball pythons (D:1)
  A frilled lizard (D:1)
  5 rats
27 creatures vanquished.

Notes
Turn   | Place    | Note
-------+----------+-------------------------------------------
     0 | D:1      | qw the Minotaur Hexslinger began the quest for the Orb.
     0 | D:1      | Reached XP level 1. HP: 16/16 MP: 1/1
     0 | D:1      | 0 ||| qw: Version: 0.3-a-46-gb1f654a
     0 | D:1      | 0 ||| qw: Game counter: 1943
     0 | D:1      | 0 ||| qw: Melee chars always use a shield: true
     0 | D:1      | 0 ||| qw: God list: Okawaru
     0 | D:1      | 0 ||| qw: Allow faded altars: false
     0 | D:1      | 0 ||| qw: Do Orc after clearing Dungeon:15 true
     0 | D:1      | 0 ||| qw: Do second Lair branch before Depths: true
     0 | D:1      | 0 ||| qw: Lair rune preference: random
     0 | D:1      | 0 ||| qw: Goals: Normal
     0 | D:1      | 0 ||| PLANNING D:1-11
   231 | D:1      | Reached skill level 3 in Ranged Weapons
   231 | D:1      | Reached XP level 2. HP: 23/23 MP: 2/2
   672 | D:1      | 672 ||| UPGRADING to +0 ring mail.
   682 | D:1      | 682 ||| DROPPING +0 robe.
   683 | D:1      | 683 ||| UPGRADING to ring of positive energy.
   684 | D:1      | 684 ||| READING scroll labelled TIFUJU VUOC.
   685 | D:1      | 685 ||| READING scroll labelled JURPHIG BUROBIH.
   686 | D:1      | 686 ||| READING 2 scrolls labelled TETWOK ITASE.
   687 | D:1      | 687 ||| READING scroll labelled KIOPED ABIRU.
   692 | D:1      | 692 ||| DROPPING scroll of poison.
   991 | D:2      | Reached XP level 3. HP: 27/29 MP: 3/3
  1156 | D:2      | You fall into a shaft and drop 2 floors!
  1213 | D:4      | HP: 5/29 [howler monkey (3)]
  1213 | D:4      | Slain by a howler monkey

Levels and vault maps discovered:
D:1:      dpeg_arrival_rooms_a, layout_basic, grunt_decor_one_mirror,
          minmay_misc_feat_chi, amethyst_killhole
D:2:      layout_basic, dreamdust_princess_bridge, serial_bayou_lake_a
D:4:      layout_gridville, serial_shops, shop, minmay_hedge_maze,
          minmay_a_box_with_orc_wizards_in_it

Skill      XL: |  1  2 |
---------------+-------+-----
Ranged Weapons | 3 |  3.8
Fighting       | 2 |  2.0
Dodging        | |  2.1
Spellcasting   | |  1.0
Hexes          | |  2.0

Action                     || total
---------------------------++-------
   Fire: Sling             ||   103
    Use: Scroll            ||     4
 Armour: Robe              ||     5
         Ring mail         ||    10
  Dodge: Dodged            ||    37

Table legend:
 A = Non-vault XP
 B = Vault XP
 C = Vault XP percentage of total XP
 D = Non-vault monster count
 E = Vault monster count
 F = Vault count percentage of total count
                 A         B        C        D         E       F
            +---------+---------+-------+---------+---------+-------
      Total |      54 |       0 |   0.0 |      27 |       0 |   0.0
            +---------+---------+-------+---------+---------+-------
        D:1 |      35 |       0 |   0.0 |      22 |       0 |   0.0
        D:2 |      17 |       0 |   0.0 |       4 |       0 |   0.0
        D:4 |       2 |       0 |   0.0 |       1 |       0 |   0.0
            +---------+---------+-------+---------+---------+-------
